 Dungeon Crawl Stone Soup version 0.28-a0-938-gbc3f381ebc (webtiles) character file.

Game seed: 16798739469674442430

104 mcbry74 the Chopper (level 4, -3/39 HPs)
             Began as a Hill Orc Fighter on Nov 28, 2021.
             Was an Initiate of Beogh.
             Succumbed to a scorpion's poison
             ... on level 4 of the Dungeon.
             The game lasted 00:04:05 (793 turns).

mcbry74 the Chopper (Hill Orc Fighter)               Turns: 793, Time: 00:04:06

Health: -3/39      AC:  9    Str: 16 (19) XL:     4   Next: 80%
Magic:  4/4        EV:  6    Int:  6 (8)  God:    Beogh [......]
Gold:   53         SH:  4    Dex:  8 (10) Spells: 3/3 levels left

rFire   . . .      SeeInvis .   a - +0 war axe
rCold   . . .      Faith    .   c - +0 buckler
rNeg    . . .      Spirit   .   e - +0 chain mail
rPois   .          Reflect  .   (no helmet)
rElec   .          Harm     .   (no cloak)
rCorr   .          Rampage  .   (no gloves)
Will    .....                   (no boots)
Stlth   ..........              (no amulet)
HPRegen 0.13/turn               (no ring)
MPRegen 0.09/turn               (no ring)

@: lethally poisoned (-3 -> -23), flying
A: no striking features
a: Renounce Religion


You were on level 4 of the Dungeon.
You worshipped Beogh.
Beogh was noncommittal.
You visited 1 branch of the dungeon, and saw 4 of its levels.

You collected 53 gold pieces.

Inventory:

Hand Weapons
 a - a +0 war axe (weapon)
 h - a +2 dagger of venom
Armour
 b - a +0 scale mail
 c - a +0 buckler (worn)
 e - a +0 chain mail (worn)
Scrolls
 g - 2 scrolls of immolation {unknown}
 i - a scroll of enchant weapon {unknown}
Potions
 d - a potion of might
 j - a potion of degeneration


   Skills:
 - Level 3.6 Fighting
 * Level 5.5 Axes
 + Level 4.3 Armour
 - Level 3.2 Shields


You had 3 spell levels left.
You didn't know any spells.
Your spell library was empty.

Dungeon Overview and Level Annotations

Branches:
Dungeon (4/15)
 Temple: D:4-7

Altars:
Fedhas


Message History

The orc priest hits you with a +0 flail.
You hit the orc priest.
The orc priest is almost dead.
The orc priest hits you but does no damage.
You closely miss the orc priest.
The orc priest is almost dead.
The orc priest barely misses you.
You slash the orc priest!
You kill the orc priest!
Beogh accepts your kill.
Beogh appreciates your killing of a heretic priest.
Things that are here:
a +0 flail; an orc corpse A scorpion comes into view.
You closely miss the scorpion. The scorpion stings you.
The scorpion stings you but does no damage.
You hit the scorpion.
The scorpion is lightly wounded.
You block the scorpion's attack.
You hit the scorpion.
The scorpion is heavily wounded.
The scorpion stings you!
* * * LOW HITPOINT WARNING * * *
The scorpion stings you.
* * * LOW HITPOINT WARNING * * *
You are lethally poisoned!
The scorpion poisons you!
It was a potion of degeneration.
There was something very wrong with that liquid.
You feel weakened.
You feel dopey.
You feel clumsy.
* * * LOW HITPOINT WARNING * * *
You feel very sick. The scorpion stings you.
* * * LOW HITPOINT WARNING * * *
You are more poisoned.
The scorpion poisons you!
It was a potion of flight.
You feel very buoyant.
You fly up into the air.
You die...

s.. #.....#.#.####
.... #..####.#.# ..
....##..# #.#.# .#
###s...# #...#..#
##...##.## ##.##.#
#..#....#.. #.#[.#
##.##.####.. #...#
####.s#..# #...#†.##
# #.....@.## #...#.##
## ......####
#..#..####. .####
#.....##...
..>.###...... # ...
#..##... ..
...########..##...
.....................
... #......###... #.#
#.###.## #.##


You could see a scorpion.

Vanquished Creatures
  A bullfrog skeleton (D:4)
  An orc priest (D:4)
  Terence (D:2)
  An adder (D:2)
  5 endoplasms
  A giant cockroach (D:2)
  A goblin (D:2)
  A hobgoblin (D:4)
  2 kobolds (D:2)
  A quokka (D:2)
  3 ball pythons
  A frilled lizard (D:2)
  A rat (D:2)
20 creatures vanquished.

Notes
Turn   | Place    | Note
-------+----------+-------------------------------------------
     0 | D:1      | mcbry74 the Hill Orc Fighter began the quest for the Orb.
     0 | D:1      | Reached XP level 1. HP: 19/19 MP: 1/1
     3 | D:2      | Noticed Terence
    11 | D:2      | Reached skill level 3 in Axes
    11 | D:2      | Killed Terence
    12 | D:2      | Reached skill level 4 in Axes
    12 | D:2      | Reached XP level 2. HP: 14/26 MP: 2/2
    12 | D:2      | Reached XP level 3. HP: 17/31 MP: 3/3
   595 | D:3      | Found a blossoming altar of Fedhas.
   633 | D:4      | Reached skill level 5 in Axes
   633 | D:4      | Reached XP level 4. HP: 39/39 MP: 4/4
   744 | D:4      | Became a worshipper of Beogh the Brigand
   782 | D:4      | Noticed a scorpion
   792 | D:4      | HP: 1/39 [scorpion (1)]
   793 | D:4      | Succumbed to a scorpion's poison

Illustrated notes

Levels and vault maps discovered:
D:1:      dpeg_arrival_castle, layout_loops_ring, serial_shops,
          nicolae_shop_waterfront, chequers_ecumenical_altar_simple_redux
D:2:      layout_rooms, minmay_quantized, uniq_terence
D:3:      layout_loops_corners, mainiacjoe_overflow_brackets,
          grunt_dithmenos_smoke_and_mirrors, gammafunk_ghost_grave,
          minmay_misc_feat_more_columns
D:4:      layout_rooms, minitemple, minmay_misc_feat_secret_circle,
          chequers_mini_garden, kennysheep_generic_room_14

Skill      XL: |  1  2  3 |
---------------+----------+-----
Axes           | 4 5 |  5.5
Armour         | 4 |  4.3
Fighting       | |  3.6
Shields        | |  3.2

Action                   |  1- 3 |  4- 6 || total
-------------------------+-------+-------++-------
Melee: War axe           |    30 |    15 ||    45
Invok: Convert to Beogh  |       |     1 ||     1
  Use: Potion            |       |     2 ||     2
Armor: Scale mail        |     7 |       ||     7
       Chain mail        |    17 |     4 ||    21
Dodge: Dodged            |     4 |     2 ||     6
Block: Buckler           |     4 |     2 ||     6

Table legend: (Time is in decaauts)
 A = Elapsed time spent in this place.
 B = Non-inter-level travel time spent in this place.
 C = Inter-level travel time spent in this place.
 D = Time resting spent in this place.
 E = Time spent auto-exploring this place.
 F = Levels seen in this place.
 G = Mean time per level.
                   A        B        C        D        E       F      G
               +--------+--------+--------+--------+--------+-----+--------+
         Total |    805 |    804 |      1 |    329 |    218 |   4 |  201.2 |
       Dungeon |    805 |    804 |      1 |    329 |    218 |   4 |  201.2 |
               +--------+--------+--------+--------+--------+-----+--------+

Top non-repeatable levels by time:
     D:2: 539 daAuts
     D:4: 178 daAuts
     D:3: 84 daAuts
     D:1: 3 daAuts
